 Dungeon Crawl Stone Soup version 0.29.1-14-g9c671dbff4 (webtiles) character file.

Game seed: 11734202988391880619

11795 nightchill the Destroyer (level 11, -5/76 HPs)
             Began as a Gargoyle Conjurer on Feb 19, 2023.
             Was a Believer of Ashenzari.
             Killed by miscasting Orb of Destruction (18 damage)
             ... on level 12 of the Dungeon on Feb 20, 2023.
             The game lasted 00:48:43 (14975 turns).

nightchill the Destroyer (Gargoyle Conjurer)       Turns: 14975, Time: 00:48:43

Health: -5/76      AC: 17    Str:  9    XL:     11   Next: 83%
Magic:  21/34      EV: 11    Int: 23    God:    Ashenzari [**....]
Gold:   643        SH:  0    Dex:  8    Spells: 4/31 levels left

rFire   . . .      SeeInvis +   a - staff of conjuration
rCold   . . .      Faith    .   (no shield)
rNeg    + + .      Spirit   .   T - +2 leather armour of the Northern Lights {rN+ Will+ Str-2}
rPois   ∞          Reflect  .   r - +1 helmet of the Pangnostic Oracle {Self, Range} (curse)
rElec   +          Harm     .   (no cloak)
rCorr   .          Rampage  .   y - +0 pair of gloves "Share My Seeker" {Self, Fort} (curse)
Will    +....                   (no boots)
Stlth   ++........              (no amulet)
HPRegen 0.22/turn               E - ring "Prophetic Urgency" {Wiz, Elem, Alch} (curse)
MPRegen 0.24/turn               q - ring of Ashenzari's Repose {MP+9, Range, Bglg} (curse)

@: very slightly contaminated, studying Shields
A: sickness immunity, AC +8, negative energy resistance 1, electricity
resistance, torment resistance 1, petrification resistance
a: Renounce Religion, Curse Item, Shatter the Chains


You were on level 12 of the Dungeon.
You worshipped Ashenzari.
Ashenzari was pleased with you.
You visited 2 branches of the dungeon, and saw 13 of its levels.

You collected 643 gold pieces.

Inventory:

Hand Weapons
 b - the +7 rapier of the Beast {venom, Dex+4}
   (You found it on level 4 of the Dungeon)

   It poisons the flesh of those it strikes.
   Dex:       It affects your dexterity (+4).
 N - the +6 broad axe of Internal Strife {elec, rPois MP+9}
   (You found it on level 11 of the Dungeon)

   It occasionally discharges a powerful burst of electricity upon striking a
   foe.
   rPois:     It protects you from poison.
   MP:        It affects your magic capacity (+9).
 P - a +0 dagger of draining
Missiles
 i - 6 datura-tipped darts
 u - 15 poisoned darts
 C - 3 throwing nets
Armour
 e - a +0 robe
 r - the cursed +1 helmet of the Pangnostic Oracle (worn) {Self, Range}
   (You took it off Robin on level 2 of the Dungeon)

   It has a curse which improves the following skills: Introspection: Fighting
   and Spellcasting.
   Ranged Combat: Ranged Weapons and Throwing.
 y - the cursed +0 pair of gloves "Share My Seeker" (worn) {Self, Fort}
   (You found it on level 4 of the Dungeon)

   It has a curse which improves the following skills: Introspection: Fighting
   and Spellcasting.
   Fortitude: Armour and Shields.
 T - the +2 leather armour of the Northern Lights (worn) {rN+ Will+ Str-2}
   (You took it off an orc wizard on level 8 of the Dungeon)

   Str:       It affects your strength (-2).
   rN:        It protects you from negative energy.
   Will:      It increases your willpower.
 U - a +0 hat
 W - a +0 pair of gloves
Magical Staves
 a - a staff of conjuration (weapon)
 S - a staff of fire {maybe}
Jewellery
 m - a ring of fire
 q - the cursed ring of Ashenzari's Repose (right hand) {MP+9, Range, Bglg}
   (You took it off a centaur on level 9 of the Dungeon)

   [ring of magical power]

   MP:        It affects your magic capacity (+9).
   It has a curse which improves the following skills: Ranged Combat: Ranged
   Weapons and Throwing.
   Beguiling: Conjurations, Hexes and Translocations.
 E - the cursed ring "Prophetic Urgency" (left hand) {Wiz, Elem, Alch}
   (You found it on level 5 of the Dungeon)

   [ring of wizardry]

   It improves your spell success rate.
   It has a curse which improves the following skills: Elements: Fire Magic, Ice
   Magic, Air Magic and Earth Magic.
   Alchemy:   Poison Magic and Transmutations.
 O - an amulet of guardian spirit
Wands
 k - a wand of paralysis (26)
 o - a wand of flame (24)
 v - a wand of polymorph (3)
 H - a wand of roots (9)
 R - a wand of mindburst (4)
Scrolls
 d - 3 scrolls of enchant weapon
 f - 2 scrolls of fear
 l - 12 scrolls of teleportation
 n - 2 scrolls of immolation
 s - 4 scrolls of poison
 t - a scroll of summoning
 x - a scroll of magic mapping
 A - a scroll of enchant armour
 F - a scroll of torment
 G - 4 scrolls of amnesia
 K - 3 scrolls of fog
 L - a scroll of blinking
 M - a scroll of brand weapon
 Q - a scroll of silence
Potions
 c - 3 potions of might
 g - 8 potions of curing
 h - 3 potions of lignification
 j - 2 potions of haste
 p - 3 potions of flight
 z - 2 potions of brilliance
 B - 5 potions of mutation
 D - 3 potions of cancellation
 I - 4 potions of attraction
 J - 2 potions of heal wounds
Miscellaneous
 V - a phantom mirror
 X - a box of beasts


   Skills:
 + Level 10.0(11.8) Fighting
 * Level 3.6(4.7) Armour
 * Level 3.2 Dodging
 - Level 3.0 Stealth
 + Level 8.9(10.8) Spellcasting
 - Level 12.0(13.1) Conjurations
 - Level 6.4(7.6) Poison Magic


You had 4 spell levels left.
You knew the following spells:

 Your Spells              Type           Power      Damage    Failure   Level
a - Magic Dart            Conj           100%       1d8       1%          1
b - Searing Ray           Conj           100%       2d8       1%          2
c - Iskenderun's Battles  Conj           83%        2d13      1%          5
d - Fulminant Prism       Conj/Hex       29%        3d14      1%          4
e - Iskenderun's Mystic   Conj/Tloc      59%        2d12      1%          4
f - Olgreb's Toxic Radia  Pois           47%        N/A       1%          4
g - Orb of Destruction    Conj           41%        9d11      11%         7

Your spell library contained the following spells:

 Spells                   Type           Power      Damage    Failure   Level
 Sting                    Tmut/Pois      100%       1d8       1%          1
 Poisonous Vapours        Pois/Air       60%        N/A       1%          2
 Dazzling Flash           Conj/Hex       100%       N/A       1%          3
 Fireball                 Conj/Fire      29%        3d13      4%          5
 Conjure Ball Lightning   Conj/Air       29%        3x3d8     26%         6
 Chain Lightning          Conj/Air       29%        3d39      100%        9
 Fire Storm               Conj/Fire      29%        8d8       100%        9
 Shatter                  Erth           6%         3d9*      100%        9


Dungeon Overview and Level Annotations

Branches:
Dungeon (12/15)            Temple (1/1) D:4            Lair (0/5) D:10
    Orc (0/2) D:9

Altars:
Ashenzari
Cheibriados
Dithmenos
Elyvilon
Fedhas
Gozag
Hepliaklqana
Kikubaaqudgha
Makhleb
Nemelex Xobeh
Okawaru
Qazlal
Ru
Sif Muna
Trog
Uskayaw
Vehumet
Wu Jian
Xom
Yredelemnul
Zin
The Shining One

Shops:
D:11 !

Annotations:
D:4 Edmund
D:6 3 runed translucent doors, exclusion: downstairs, 0o0o's ghost, novice MiFi
D:9 exclusion: 2 downstairs
D:12 exclusion: upstairs, Frances


Innate Abilities, Weirdness & Mutations

You are immune to sickness and miasma.
Your stone body is resilient. (AC +8)
You are immune to poison.
You resist negative energy. (rN+)
You are resistant to electric shocks. (rElec)
You are resistant to unholy torment.
You are immune to petrification.


Message History

Frances is heavily wounded.
Frances hits you with a +0 hand axe.
You hit Frances but do no damage.
Frances is heavily wounded.
Frances screams a word of power!
The iron shot hits you!!!
Ouch! That really hurt!
* * * LOW HITPOINT WARNING * * *
A wraith comes into view.
Frances whispers indecipherable words.
The shard of ice hits you!
* * * LOW HITPOINT WARNING * * *
The +7 rapier of the Beast {venom, Dex+4} stops dripping with poison.
a - a staff of conjuration (weapon)
Casting: Fulminant Prism (dangerous; 1% risk of failure)
Confirm with . or Enter, or press ? or * to list all spells.
You feel a surge of power!
You erupt in a blast of force!
The mystic blast hits Frances!
Frances is severely wounded.
Frances is knocked back by the mystic blast.
Casting: Iskenderun's Mystic Blast (dangerous; 1% risk of failure)
Confirm with . or Enter, or press ? or * to list all spells.
Aiming: Fulminant Prism (dangerous; 1% risk of failure)
Press: ? - help, Dir - move target You feel a surge of power!
You conjure a prism of explosive energy!
A fulminant prism comes into view.
Frances hits your fulminant prism with a +0 hand axe!
Your fulminant prism detonates feebly.
Magic courses through your body.
Casting: Fulminant Prism (dangerous; 1% risk of failure)
Confirm with . or Enter, or press ? or * to list all spells.
The spell is quite dangerous to miscast (11% risk of failure)!
Continue anyway?
Aiming: Orb of Destruction (quite dangerous; 11% risk of failure)
Press: ? - help, Shift-Dir - straight line, f - Frances
Aim: Frances, wielding a +0 hand axe and wearing a +0 chain mail (severely wounded, very poisoned)
You feel a surge of power!
You miscast Orb of Destruction.
You are very lightly contaminated with residual magic.
A wave of violent energy washes through your body!!
You die...

##.###.#######.#####.#
, #...............# ,*
#.#####.######### #.#
#.# #.# #.# * *
#.#####.## #........#
#######..# * #@.# ,*
#..# #..# ###### *
#.@#####.)..#
#W....4..##.# *
##.####@.# .#
#.####..# .#* * ** *
#.......# .# , ,
..........# {# ,**


You could see Frances (very poisoned) and a wraith.

Vanquished Creatures
  A two-headed ogre (D:12)
  Erolcha (D:11)
  A hydra (D:9)
  A centaur warrior (D:12)
  Maggie (D:7)
  3 gargoyles
  A kobold demonologist (D:9)
  2 shadows
  17 yaks
  3 wargs
  A water moccasin (D:8)
  2 sky beasts
  An orc warrior (D:9)
  2 ice beasts (D:7)
  A black bear (D:5)
  7 centaurs
  An ogre (D:6)
  2 phantoms
  2 kobold brigands (D:11)
  5 bullfrogs
  A necrophage (D:5)
  4 gnoll sergeants
  6 scorpions
  12 wights
  11 killer bees
  7 howler monkeys
  A bullfrog zombie (D:6)
  A centaur zombie (D:6)
  3 hounds (D:5)
  5 orc priests
  8 orc wizards
  Robin (D:2)
  22 gnolls
  6 adders
  A white imp (D:6)
  2 ufetubi
  2 worms (D:4)
  3 dart slugs
  38 orcs
  9 endoplasms
  A giant cockroach (D:1)
  12 goblins
  6 hobgoblins
  6 jackals
  5 quokkas
  5 ball pythons
  5 bats
  2 frilled lizards
  11 kobolds
  4 rats
255 creatures vanquished.

Vanquished Creatures (others)
  87 fulminant prisms
87 creatures vanquished.

Grand Total: 342 creatures vanquished

Notes
Turn   | Place    | Note
-------+----------+-------------------------------------------
     0 | D:1      | nightchill the Gargoyle Conjurer began the quest for the
                  | Orb.
     0 | D:1      | Reached XP level 1. HP: 10/10 MP: 3/3
   208 | D:1      | Reached XP level 2. HP: 15/15 MP: 0/5
   328 | D:1      | Learned a level 2 spell: Searing Ray
   909 | D:1      | Reached XP level 3. HP: 19/19 MP: 4/6
  1073 | D:1      | Reached skill level 5 in Conjurations
  1468 | D:1      | Found a faded altar of an unknown god.
  2062 | D:2      | Reached XP level 4. HP: 24/24 MP: 3/7
  2474 | D:2      | Found a basalt altar of Yredelemnul.
  2743 | D:2      | Noticed Robin
  2802 | D:2      | Killed Robin
  3677 | D:3      | Found a white marble altar of Elyvilon.
  3677 | D:3      | Found a glowing silver altar of Zin.
  3678 | D:3      | Found a glowing golden altar of the Shining One.
  3772 | D:3      | Reached XP level 5. HP: 20/28 MP: 9/9
  4053 | D:4      | Identified the +7 rapier of the Beast {venom, Dex+4}
  4185 | D:4      | Reached skill level 1 in Fighting
  4185 | D:4      | Reached skill level 6 in Conjurations
  4230 | D:4      | Found a staircase to the Ecumenical Temple.
  4243 | Temple   | Entered the Ecumenical Temple
  4318 | Temple   | Became a worshipper of Ashenzari the Shackled
  4571 | D:4      | Noticed Edmund
  5032 | D:5      | Entered Level 5 of the Dungeon
  5063 | D:5      | Reached XP level 6. HP: 34/34 MP: 6/10
  5322 | D:5      | Found a shimmering blue altar of Sif Muna.
  5546 | D:5      | Reached skill level 7 in Conjurations
  5600 | D:5      | Reached XP level 7. HP: 30/41 MP: 8/13
  6162 | D:6      | Reached skill level 8 in Conjurations
  6304 | D:6      | Learned a level 5 spell: Iskenderun's Battlesphere
  6349 | D:6      | Reached XP level 8. HP: 21/48 MP: 15/15
  7291 | D:6      | Reached skill level 5 in Spellcasting
  7291 | D:6      | Reached skill level 9 in Conjurations
  7475 | D:6      | Reached * piety under Ashenzari
  7504 | D:6      | Reached skill level 5 in Fighting
  7577 | D:6      | Found a runed translucent gate.
  7577 | D:6      | Found a runed translucent gate.
  7577 | D:6      | Found a runed translucent gate.
  7577 | D:6      | Noticed 0o0o's ghost (novice MiFi)
  7579 | D:6      | Found a basalt altar of Yredelemnul.
  7688 | D:6      | Found an iron altar of Okawaru.
  7695 | D:6      | Identified the +6 ring mail of the Armoured One {rF+ Int+7}
  7990 | D:6      | Identified the Codex of Retrieval
  7996 | D:6      | Found a bloodstained altar of Trog.
  8269 | D:7      | Reached XP level 9. HP: 56/56 MP: 9/19
  8350 | D:7      | Noticed Maggie
  8356 | D:7      | Reached skill level 10 in Conjurations
  8363 | D:7      | Killed Maggie
  8438 | D:7      | Learned a level 4 spell: Fulminant Prism
  8443 | D:7      | Learned a level 4 spell: Iskenderun's Mystic Blast
  8568 | D:7      | Found a radiant altar of Vehumet.
  9550 | D:8      | Reached skill level 11 in Conjurations
  9674 | D:8      | Identified the +2 leather armour of the Northern Lights
                  | {rN+ Will+ Str-2}
  9846 | D:7      | Reached XP level 10. HP: 50/64 MP: 3/21
 10051 | D:8      | Reached ** piety under Ashenzari
 10079 | D:8      | Found an ornate altar of the Wu Jian Council.
 10225 | D:8      | Identified a scroll of acquirement
 10271 | D:8      | Acquired a staff of conjuration
 10502 | D:8      | Learned a level 4 spell: Olgreb's Toxic Radiance
 10589 | D:9      | Noticed a kobold demonologist
 10596 | D:9      | Killed a kobold demonologist
 10597 | D:9      | Reached skill level 1 in Poison Magic
 10715 | D:9      | Reached skill level 12 in Conjurations
 10858 | D:9      | Noticed a four-headed hydra
 10866 | D:9      | Killed a four-headed hydra
 11413 | D:9      | Found a staircase to the Orcish Mines.
 11553 | D:9      | Found a burning altar of Makhleb.
 11635 | D:10     | Entered Level 10 of the Dungeon
 12000 | D:10     | Reached skill level 5 in Poison Magic
 12485 | D:10     | Reached XP level 11. HP: 73/73 MP: 7/24
 13015 | D:10     | Found a staircase to the Lair.
 13245 | D:10     | Reached *** piety under Ashenzari
 13322 | D:11     | Learned a level 7 spell: Orb of Destruction
 13322 | D:11     | Noticed Erolcha
 13330 | D:11     | Killed Erolcha
 13907 | D:11     | Found Gasolum's Distillery.
 14061 | D:11     | Reached skill level 1 in Armour
 14086 | D:11     | Identified the +6 broad axe of Internal Strife {elec, rPois
                  | MP+9}
 14477 | D:12     | Noticed a boulder beetle
 14721 | D:12     | Noticed a two-headed ogre
 14737 | D:12     | Killed a two-headed ogre
 14941 | D:12     | Noticed a centaur warrior
 14948 | D:12     | Killed a centaur warrior
 14949 | D:12     | Reached skill level 10 in Fighting
 14958 | D:12     | Noticed Frances
 14975 | D:12     | Killed by miscasting Orb of Destruction

Illustrated notes

Levels and vault maps discovered:
D:1:      onia_arrival_mini_spirals, layout_loops_corners,
          shapermc_ecumenical_altar_venn, minmay_distorted
D:2:      layout_basic, basic_altar, grunt_decor_junction,
          reono_crystal_passage, uniq_robin
D:3:      layout_basic, good_gods_temple_1
D:4:      layout_loops_ring, minmay_temple_entry_glassed_door, uniq_edmund
D:5:      layout_basic, lemuel_coloured_pillars_altar, serial_corexii_hall,
          chequers_hall_statues_y, chequers_hall_statues_y,
          corexii_hall_statues_l, uniq_crazy_yiuf_cottage
D:6:      layout_basic, nicolae_yredelemnul_ghost_church,
          okawaru_metal_pillars_1_2, trog_book, grunt_ministairs_6,
          minmay_manual_mares
D:7:      layout_loops_cross, nicolae_overflow_hidden_temple, uniq_maggie
D:8:      layout_rooms, pdpol_wu_jian_five_deadly_venoms,
          hangedman_decor_opposing
D:9:      layout_rooms, lightli_temple_of_fire, orc_david_3, minmay_fountain_box
D:10:     layout_cave_pools, erik_lair_orcish_takeover
D:11:     layout_cross, serial_shops, shop_fountains, uniq_erolcha
D:12:     layout_loops_ring, ploomutoo_gammafunk_ghost_potion_laboratory,
          uniq_frances
Temple:   nicolae_temple_hex_pool

Skill      XL: |  1  2  3  4  5  6  7  8  9 10 11 |
---------------+----------------------------------+-----
Conjurations   | 5 6 7 8 9 11 12 | 12.0
Stealth        | 3 |  3.0
Spellcasting   | 3 4 5 6 7 8 |  8.9
Fighting       | 1 2 3 5 7 8 10 | 10.0
Poison Magic   | 5 6 |  6.4
Armour         | 3 |  3.6
Dodging        | 3 |  3.2

Action                   |  1- 3 |  4- 6 |  7- 9 | 10-12 || total
-------------------------+-------+-------+-------+-------++-------
Melee: Unarmed           |    10 |       |       |       ||    10
       Dagger            |    62 |    52 |       |       ||   114
       Punch             |     2 |     1 |       |     1 ||     4
       Club              |     2 |       |       |       ||     2
       Rapier            |       |    49 |    74 |    25 ||   148
       Staff             |       |       |       |     4 ||     4
 Cast: Magic Dart        |    40 |    23 |    55 |    28 ||   146
       Searing Ray       |     3 |     5 |     8 |     2 ||    18
       Iskenderun's Batt |       |       |    11 |     8 ||    19
       Fulminant Prism   |       |       |     9 |    79 ||    88
       Iskenderun's Myst |       |       |     2 |    43 ||    45
       Olgreb's Toxic Ra |       |       |       |     5 ||     5
       Orb of Destructio |       |       |       |     2 ||     2
Invok: Curse Item        |       |     1 |     1 |     3 ||     5
       Shatter the Chain |       |       |       |     1 ||     1
  Use: Scroll            |       |       |       |     1 ||     1
       Potion            |       |       |       |     1 ||     1
 Stab: Sleeping          |       |     8 |       |       ||     8
Armor: Robe              |    41 |    41 |    45 |       ||   127
       Steam dragon scal |       |       |    19 |    33 ||    52
       Leather armour    |       |       |       |    13 ||    13
Dodge: Dodged            |    42 |    63 |    87 |    60 ||   252
